 Dungeon Crawl Stone Soup version 0.17.1-3-g152610e (webtiles) character file.

466 kaze the Skirmisher (level 6, 0/43 HPs)
             Began as a Demonspawn Fighter on Apr 11, 2016.
             Succumbed to Tobisume's ghost's poison
             ... in a sewer.
             The game lasted 00:06:37 (2859 turns).

kaze the Skirmisher (Demonspawn Fighter)            Turns: 2859, Time: 00:06:37

Health: 0/43       AC:  8    Str: 18      XL:     6   Next: 81%
Magic:  6/6        EV: 14    Int: 14      God:
Gold:   176        SH:  9    Dex: 11 (13) Spells: 0 memorised, 5 levels left

rFire  + . .     SeeInvis .     a - +0 war axe
rCold  . . .     Clarity  .     b - +0 scale mail
rNeg   . . .     SustAt   .     c - +0 shield
rPois  .         Gourm    .     (no helmet)
rElec  +         Spirit   .     (no cloak)
rCorr  .         Warding  .     (gloves unavailable)
rMut   .         Stasis   .     g - +0 pair of boots
MR     .....                    (no amulet)
Stlth  ..........               j - ring of protection from fire
                                m - +4 ring of evasion

@: brilliant, lethally poisoned (0 -> -3), drained, not resistant to hostile
enchantments, extremely unstealthy
A: claws 3, repulsion field 1, frail 1, powered by death 1, electricity
resistance, spit poison 1
a: Spit Poison


You were in a sewer.
You were not hungry.

You visited 1 branch of the dungeon, and saw 4 of its levels.
You also visited: Sewer.

You collected 176 gold pieces.

Inventory:

Hand Weapons
 a - a +0 war axe (weapon)
Armour
 b - a +0 scale mail (worn)
 c - a +0 shield (worn)
 g - a +0 pair of boots (worn)
Jewellery
 j - a ring of protection from fire (right claw)
 m - a +4 ring of evasion (left claw)
Wands
 h - a wand of slowing (17)
Scrolls
 e - 2 scrolls of remove curse
 f - a scroll of teleportation {unknown}
 k - a scroll of identify
 p - a scroll of random uselessness {unknown}
 s - a scroll of enchant weapon {unknown}
 u - a scroll of fear {unknown}
 v - a scroll of magic mapping {unknown}
Potions
 i - a potion of brilliance
 l - a potion of magic
 t - a potion of flight
Comestibles
 d - 2 bread rations
 n - a meat ration
 o - 4 fruits


   Skills:
 + Level 4.1(3.8) Fighting
 + Level 2.9(2.6) Axes
 + Level 4.0(3.7) Armour
 + Level 2.9(2.6) Dodging
 + Level 4.1(3.8) Shields


You had 5 spell levels left.
You didn't know any spells.

Dungeon Overview and Level Annotations

Branches:
Dungeon (4/15)
 Temple: D:4-7

Altars:
Yredelemnul
Zin

Annotations:
Sewer Tobisume's ghost, novice DsCK


Innate Abilities, Weirdness & Mutations

You have claws for hands.
You are surrounded by a mild repulsion field (EV +2).
You regenerate a little health from kills.
You are frail (-10% HP).
You are resistant to electric shocks.
You can spit weak poison.


Message History

You are too injured to fight recklessly!
You are too injured to fight recklessly!
You are too injured to fight recklessly!
You are too injured to fight recklessly!
You are too injured to fight recklessly!
You are too injured to fight recklessly!
You are too injured to fight recklessly!
Unknown command.
Drink which item? (? for menu, Esc to quit)
It was a potion of brilliance.
You feel clever all of a sudden.
You feel sick.
You are no longer poisoned.
Tobisume's ghost closely misses you.
Tobisume's ghost hits you but does no damage.
You are lethally poisoned!
* * * LOW HITPOINT WARNING * * *
You feel sick.
Tobisume's ghost hits you but does no damage.
You die...

#≈# #≈# #≈# #≈# #≈# #≈# #≈#
#≈# #########@##
#...()≈W≈≈.#######
#≈≈≈≈≈≈≈.≈≈≈.....#######
#.≈≈≈≈≈≈≈≈≈≈≈≈≈≈≈≈≈≈≈≈≈#
....≈≈≈≈≈≈≈≈≈≈≈≈≈≈≈≈≈≈≈≈≈≈≈
..#≈≈≈≈≈≈≈≈≈≈≈≈≈≈≈≈≈≈≈≈≈###
. #..≈≈≈≈≈.≈≈≈.....######
#...≈....≈.###.###
############ #∩#


You could see Tobisume's ghost.

Vanquished Creatures
  A big kobold (Sewer)
  The ghost of Sl000nik the Sneak, a weakling KoAs (D:3)
  An orc wizard (D:4)
  2 orc priests (D:3)
  2 worker ants (D:3)
  An iguana (D:4)
  3 adders
  4 river rats (Sewer)
  2 oozes (D:2)
  7 worms
  9 giant geckos
  9 orcs
  4 giant cockroaches
  11 goblins
  7 hobgoblins
  A jackal (Sewer)
  8 kobolds
  2 quokkas (D:3)
  A ball python (D:2)
  11 bats
  5 giant newts
  A jackal skeleton (D:4)
  5 rats
98 creatures vanquished.

Notes
Turn   | Place    | Note
--------------------------------------------------------------
     0 | D:1      | kaze the Demonspawn Fighter began the quest for the Orb.
     0 | D:1      | Reached XP level 1. HP: 18/18 MP: 1/1
   391 | D:1      | Gained mutation: You have sharp fingernails. [demonic ancestry]
   391 | D:1      | Reached XP level 2. HP: 18/24 MP: 2/2
   957 | D:2      | Gained mutation: You are surrounded by a mild repulsion field (EV +2). [demonic ancestry]
   957 | D:2      | Reached XP level 3. HP: 29/29 MP: 3/3
  1138 | D:2      | Reached skill level 1 in Dodging
  1431 | D:2      | Gained mutation: You have very sharp fingernails. [demonic ancestry]
  1431 | D:2      | Reached XP level 4. HP: 35/35 MP: 4/4
  1770 | D:3      | HP: 1/36 [poisoned by an orc priest]
  1775 | D:3      | Gained mutation: You are resistant to electric shocks. [potion of mutation]
  1775 | D:3      | Gained mutation: You can spit weak poison. [potion of mutation]
  1775 | D:3      | Gained mutation: You are frail (-10% HP). [potion of mutation]
  2009 | D:3      | Gained mutation: You have claws for hands. [demonic ancestry]
  2009 | D:3      | Reached XP level 5. HP: 34/36 MP: 5/5
  2280 | D:3      | Found a basalt altar of Yredelemnul.
  2280 | D:3      | Found a glowing silver altar of Zin.
  2352 | D:3      | Noticed Sl000nik's ghost (weakling KoAs)
  2368 | D:3      | Killed Sl000nik's ghost
  2368 | D:3      | Gained mutation: You regenerate a little health from kills. [demonic ancestry]
  2368 | D:3      | Reached XP level 6. HP: 36/43 MP: 6/6
  2606 | D:4      | Reached skill level 4 in Fighting
  2724 | D:4      | Found a glowing drain.
  2756 | Sewer    | Entered a sewer
  2827 | Sewer    | Noticed Tobisume's ghost (novice DsCK)
  2854 | Sewer    | HP: 2/43 [Tobisume's ghost (20)]
  2859 | Sewer    | Succumbed to Tobisume's ghost's poison

Action                   |  1- 3 |  4- 6 || total
-------------------------+-------+-------++-------
Melee: War axe           |   148 |   235 ||   383
  Use: Potion            |       |     9 ||     9
       Scroll            |       |     5 ||     5
  Eat: Chunk             |     2 |       ||     2
       Bread ration      |       |     2 ||     2
